 Dungeon Crawl Stone Soup version 0.23.1 (webtiles) character file.

Game seed: 0

93 kubi the Shield-Bearer (level 4, 0/40 HPs)
             Began as a Hill Orc Fighter on Mar 12, 2019.
             Slain by an adder (1 damage)
             ... on level 3 of the Dungeon on Mar 16, 2019.
             The game lasted 00:48:22 (2947 turns).

kubi the Shield-Bearer (Hill Orc Fighter)           Turns: 2947, Time: 00:48:23

Health: 0/40       AC:  9    Str: 19    XL:     4   Next: 62%
Magic:  4/4        EV:  5    Int:  8    God:
Gold:   132        SH:  9    Dex: 10    Spells: 2/3 levels left

rFire    . . .     SeeInvis .   a - +0 long sword
rCold    . . .     Gourm    .   c - +0 shield
rNeg     . . .     Faith    .   x - +0 chain mail
rPois    .         Spirit   .   (no helmet)
rElec    .         Reflect  .   (no cloak)
rCorr    .         Harm     .   (no gloves)
MR       .....                  (no boots)
Stlth    ..........             (no amulet)
HPRegen  0.13/turn              (no ring)
MPRegen  0.09/turn              (no ring)

@: lethally poisoned (0 -> -1)
A: no striking features
a: no special abilities


You were on level 3 of the Dungeon.
You were not hungry.

You visited 1 branch of the dungeon, and saw 4 of its levels.

You collected 132 gold pieces.

Inventory:

Hand Weapons
 a - a +0 long sword (weapon)
 r - a +0 hunting sling
Missiles
 g - 65 stones
 k - 4 javelins (quivered)
 s - 9 arrows
 y - 21 sling bullets
 z - 21 bolts
Armour
 b - a +0 scale mail
 c - a +0 shield (worn)
 l - a +0 ring mail
 p - a +0 robe
 t - a +0 leather armour
 x - a +0 chain mail (worn)
Scrolls
 i - 2 scrolls of remove curse {unknown}
 j - 3 scrolls of amnesia {unknown}
 o - 2 scrolls of teleportation {unknown}
 q - a scroll of enchant armour {unknown}
 B - a scroll of identify {unknown}
Potions
 d - 2 potions of might
 e - a potion of flight {unknown}
 h - 2 potions of invisibility {unknown}
 m - a potion of mutation {unknown}
 n - 2 potions of lignification {unknown}
 u - 2 potions of heal wounds {unknown}
 v - a potion of ambrosia {unknown}
 A - a potion of curing {unknown}
Comestibles
 f - 6 rations
 w - 3 chunks of flesh


   Skills:
 + Level 3.8 Fighting
 + Level 2.9 Long Blades
 + Level 1.3 Throwing
 + Level 4.0 Armour
 + Level 0.2 Dodging
 + Level 4.1 Shields


You had 2 spell levels left.
You knew the following spells:

 Your Spells              Type           Power        Failure   Level  Hunger
a - Magic Dart            Conj           #...         100%        1    ##.....

Your spell library contained the following spells:

 Spells                   Type           Power        Failure   Level  Hunger
 Blink                    Tloc           N/A          100%        2    ###....
 Call Imp                 Summ           #.......     100%        2    ###....
 Slow                     Hex            #.......     100%        2    ###....
 Conjure Flame            Conj/Fire      #.......     100%        3    ####...
 Mephitic Cloud           Conj/Pois/Air  #.......     100%        3    ####...


Dungeon Overview and Level Annotations

Branches:
Dungeon (4/15)
 Temple: D:4-7

Altars:
Nemelex Xobeh
Ru
The Shining One

Annotations:
D:4 Robin


Message History

You closely miss the adder.
The adder is almost dead.
* * * LOW HITPOINT WARNING * * *
You feel sick. The adder bites you but does no damage.
You block the adder's attack.
Unknown command.
You closely miss the adder.
The adder is almost dead.
The adder bites you but does no damage.
Your shield and chain mail prevent you from hitting the adder.
The adder is almost dead.
The adder bites you but does no damage. x2
You miss the adder.
The adder is almost dead.
* * * LOW HITPOINT WARNING * * *
You feel sick. You block the adder's attack. x2
Your shield and chain mail prevent you from hitting the adder.
The adder is almost dead.
You block the adder's attack. The adder bites you.
You die...

.# ... #.##...... .# ##.##
#....#..## .## #...# #.(.......
..# #...# #.(###..## ..# #...#
######.......# ..# #...#
#.........#.##
#########..<######.#####.#.#...
####.............#o##...........
##..............@So...#.........
##.#...>.........#o##....###....
##÷#####.....#####.......# ....
...# #.###.# ######.## ### ####
#.# #÷# #.# #.###.# #.# #.....#
#.. #####.# # #.#


You could see an adder and 3 orcs.

Vanquished Creatures
  2 adders (D:2)
  An ooze (D:1)
  4 worms (D:2)
  A dart slug (D:2)
  2 leopard geckos
  An orc (D:2)
  2 giant cockroaches
  7 goblins
  6 hobgoblins
  7 jackals
  3 kobolds
  8 bats
  4 frilled lizards
  5 rats
53 creatures vanquished.

Notes
Turn   | Place    | Note
-------+----------+-------------------------------------------
     0 | D:1      | kubi the Hill Orc Fighter began the quest for the Orb.
     0 | D:1      | Reached XP level 1. HP: 19/19 MP: 1/1
   139 | D:1      | Found a sparkling altar of Nemelex Xobeh.
   234 | D:1      | Reached XP level 2. HP: 22/27 MP: 2/2
   705 | D:1      | Reached XP level 3. HP: 33/33 MP: 3/3
  1250 | D:2      | Found a glowing golden altar of the Shining One.
  1266 | D:2      | Became a worshipper of the Shining One
  1502 | D:2      | Reached XP level 4. HP: 40/40 MP: 4/4
  1708 | D:2      | Found a sacrificial altar of Ru.
  1848 | D:2      | Reached skill level 1 in Throwing
  1886 | D:2      | You fall through a shaft for 2 floors!
  1890 | D:4      | Noticed Robin
  1894 | D:4      | Fell from the grace of the Shining One
  2503 | D:3      | Learned a level 1 spell: Magic Dart
  2939 | D:3      | HP: 2/40 [adder (4)]
  2946 | D:3      | HP: 1/40 [poisoned by an adder]
  2947 | D:3      | Slain by an adder

Skill      XL: |  1  2  3  4 |
---------------+-------------+-----
Shields        | 4 |  4.1
Throwing       | 1 |  1.3
Armour         | 4 |  4.0
Fighting       | |  3.8
Long Blades    | |  2.9
Dodging        | |  0.2

Action                   |  1- 3 |  4- 6 || total
-------------------------+-------+-------++-------
Melee: Long sword        |    78 |    87 ||   165
Throw: Stone             |    24 |       ||    24
       Javelin           |    25 |    13 ||    38
 Cast: Magic Dart        |       |     1 ||     1
Invok: Renounce Religion |       |     1 ||     1
  Eat: Chunk             |     2 |     5 ||     7
Armor: Scale mail        |    27 |    13 ||    40
       Chain mail        |       |    37 ||    37
       Leather armour    |       |     4 ||     4
Dodge: Dodged            |    23 |    25 ||    48
Block: Shield            |    46 |    60 ||   106
       Rpst.: Long sword |     9 |    10 ||    19
